 Dungeon Crawl Stone Soup version 0.24.0-13-gcf9b3192b9 (webtiles) character file.

Game seed: 1261721823409046734, levelgen mode: deterministic

104229 mopl the Covert (level 15, 0/116 HPs)
             Began as a Demigod Enchanter on Nov 5, 2019.
             Shot with a bolt by a yaktaur captain (52 damage)
             ... on level 12 of the Dungeon.
             The game lasted 01:44:02 (28361 turns).

mopl the Covert (Demigod Enchanter)                Turns: 28361, Time: 01:44:02

Health: 0/116      AC:  8    Str: 13    XL:     15   Next: 44%
Magic:  23/31      EV: 14    Int: 32    God:
Gold:   2348       SH: 10    Dex: 16    Spells: 3/30 levels left

rFire    + . .     SeeInvis .   a - +0 dagger (drain)
rCold    + . .     Gourm    .   n - +2 shield {rPois}
rNeg     . . .     Faith    .   X - +1 robe "Afehiyss" {rC+ Int+5}
rPois    +         Spirit   .   g - +2 helmet
rElec    .         Reflect  .   V - scarf {repulsion}
rCorr    .         Harm     .   w - +0 pair of gloves
MR       +....                  W - +0 pair of boots {run}
Stlth    ++++++....             M - amulet of the acrobat
HPRegen  0.29/turn              A - ring of poison resistance
MPRegen  0.22/turn              r - ring of protection from fire

@: repel missiles, quick
A: high mp 1
a: no special abilities


You were on level 12 of the Dungeon.
You were not hungry.

You visited 3 branches of the dungeon, and saw 21 of its levels.
You also visited: Ossuary and Ice Cave.

You collected 3005 gold pieces.
You spent 657 gold pieces at shops.

Inventory:

Hand Weapons
 a - a +0 dagger of draining (weapon)
 b - a +2 short sword of electrocution
 q - a +2 dagger of venom
Missiles
 l - 78 poisoned darts (quivered)
 p - 24 boomerangs
 I - 7 atropa-tipped darts
 P - 2 curare-tipped darts
Armour
 g - a +2 helmet (worn)
 n - a +2 shield of poison resistance (worn)
 w - a +0 pair of gloves (worn)
 V - a scarf of repulsion (worn)
 W - a +0 pair of boots of running (worn)
 X - the +1 robe "Afehiyss" (worn) {rC+ Int+5}
   (You found it on level 1 of the Lair of Beasts)

   It affects your intelligence (+5).
   It protects you from cold.
Jewellery
 r - a ring of protection from fire (right hand)
 A - a ring of poison resistance (left hand)
 D - an uncursed ring of see invisible
 M - an amulet of the acrobat (around neck)
Wands
 e - a wand of digging (5)
 k - a wand of enslavement (9)
 B - a wand of iceblast (2)
 C - a wand of scattershot (8)
 O - a wand of paralysis (5)
 Y - a wand of disintegration (5)
Scrolls
 f - 7 scrolls of teleportation
 o - 6 scrolls of enchant armour {unknown}
 t - 4 scrolls of blinking {unknown}
 v - 5 scrolls of fear {unknown}
 y - 10 scrolls of remove curse
 z - 3 scrolls of fog
 K - a scroll of vulnerability
 N - a scroll of magic mapping
 U - a scroll of silence
Potions
 d - 8 potions of haste
 i - 3 potions of agility
 j - 5 potions of brilliance
 m - a potion of berserk rage
 s - 5 potions of flight
 u - a potion of lignification
 x - a potion of might
 F - 2 potions of resistance
 H - 8 potions of curing
 R - a potion of magic
 S - 4 potions of heal wounds
 T - a potion of ambrosia
Miscellaneous
 E - a lightning rod (4/4)
 J - a fan of gales
 L - a box of beasts
 Z - a phantom mirror
Comestibles
 c - 39 rations
 h - 4 chunks of flesh


   Skills:
 + Level 6.4 Fighting
 + Level 9.4 Short Blades
 + Level 5.4 Throwing
 + Level 6.9 Dodging
 * Level 14.3 Stealth
 * Level 2.5 Shields
 - Level 8.0 Spellcasting
 - Level 4.0 Conjurations
 * Level 13.3 Hexes
 - Level 3.0 Charms
 - Level 3.0 Necromancy
 - Level 5.0 Transmutations
 - Level 5.0 Ice Magic


You had 3 spell levels left.
You knew the following spells:

 Your Spells              Type           Power        Failure   Level  Hunger
a - Corona                Hex            #######      1%          1    None
b - Ensorcelled Hibernat  Hex/Ice        ######       1%          2    None
c - Confuse               Hex            #######.     1%          3    None
d - Tukima's Dance        Hex            #######.     1%          3    None
g - Dazzling Spray        Conj/Hex       ######       1%          3    None
n - Swiftness             Chrm/Air       ###.....     16%         2    None
r - Regeneration          Chrm/Necr      ####......   16%         3    None
s - Metabolic Englaciati  Hex/Ice        ######....   12%         5    ####...
y - Yara's Violent Unrav  Hex/Tmut       ######....   12%         5    ####...

Your spell library contained the following spells:

 Spells                   Type           Power        Failure   Level  Hunger
 Confusing Touch          Hex            ######       1%          1    None
 Spectral Weapon          Hex/Chrm       ######..     1%          3    None
 Inner Flame              Hex/Fire       ######..     3%          3    None
 Infusion                 Chrm           ####         5%          1    None
 Flame Tongue             Conj/Fire      ####.        9%          1    None
 Shock                    Conj/Air       ####         9%          1    None
 Song of Slaying          Chrm           ####....     9%          2    None
 Throw Flame              Conj/Fire      ####..       12%         2    None
 Shroud of Golubria       Chrm/Tloc      ###...       16%         2    None
 Conjure Flame            Conj/Fire      ####....     24%         3    None
 Static Discharge         Conj/Air       ####....     24%         3    None
 Poisonous Vapours        Pois/Air       ##....       28%         2    None
 Mephitic Cloud           Conj/Pois/Air  ###.....     32%         3    None
 Gell's Gravitas          Tloc           ##........   50%         3    None
 Petrify                  Tmut/Erth      ####....     54%         4    None
 Sticky Flame             Conj/Fire      ####....     63%         4    None
 Airstrike                Air            ##........   88%         4    None
 Fireball                 Conj/Fire      ####......   92%         5    ####...
 Lightning Bolt           Conj/Air       ####......   92%         5    ####...
 Freezing Cloud           Conj/Ice/Air   ####......   100%        6    #####..
 Haunt                    Necr/Summ      ###.......   100%        7    #######
 Ring of Flames           Chrm/Fire      ###.......   100%        7    #######
 Borgnjor's Revivificati  Necr           ####......   100%        8    #######
 Death's Door             Chrm/Necr      ####......   100%        8    #######
 Infestation              Necr           ####......   100%        8    #######
 Necromutation            Tmut/Necr      #####.....   100%        8    #######


Dungeon Overview and Level Annotations

Branches:
Dungeon (13/15)            Temple (0/1) D:6            Lair (6/6) D:10
  Swamp (0/4) Lair:3       Spider (0/4) Lair:4        Slime (0/5) Lair:5
    Orc (2/2) D:11            Elf (0/3) Orc:2        Vaults (0/5) D:13
Ossuary (visited)           IceCv (visited)

Shops:
Orc:2 (*[?

Annotations:
Lair:6 3 runed translucent doors, Mesmaeker13's ghost, journeyman OpCj
Abyss:1 Sonja


Innate Abilities, Weirdness & Mutations

You have an increased reservoir of magic. (+10% MP)


Message History

The yaktaur captain resists with significant effort.
The yaktaur captain shoots a bolt.
The bolt hits you!!
Casting: Confuse (safe; 1% risk of failure)
Confirm with . or Enter, or press ? or * to list all spells.
Aiming: Confuse (safe; 1% risk of failure)
Press: ? - help, Shift-Dir - straight line, f/p - yaktaur captain
Aim: a yaktaur captain, wielding a +0 arbalest (chance to defeat MR: 50%)
The yaktaur captain resists with significant effort.
The yaktaur captain shoots a bolt.
The bolt hits you!!
Casting: Confuse (safe; 1% risk of failure)
Confirm with . or Enter, or press ? or * to list all spells.
Aiming: Confuse (safe; 1% risk of failure)
Press: ? - help, Shift-Dir - straight line, f/p - yaktaur captain
Aim: a yaktaur captain, wielding a +0 arbalest (chance to defeat MR: 50%)
The yaktaur captain resists with significant effort.
The yaktaur captain shoots a bolt.
The bolt misses you.
There is a stone staircase leading down here.
You see here a bolt.
The yaktaur captain shoots a bolt.
The bolt hits you!!!
You die...

#######..########...# #...#
........°..........(#########...#
.................................
....(.....(......................
..################(............##
..# #.............## ..#
#......<......##
..################.c...........##
...............(@................
.......##########................
.......# #..#########..###
.......# #..#########.(###
.......##########.....((..>......
.........[..............(........
######.##############...########.
######..###### #...########.
((.)......[..###########(........


You could see a yaktaur captain.

Vanquished Creatures
  Donald (Orc:2)
  A frost giant (IceCv)
  An ettin (Orc:2)
  A yaktaur captain (D:12)
  3 ogre magi
  2 hell beasts (D:13)
  5 hydras
  2 catoblepae
  Erolcha (Orc:2)
  4 death yaks
  A dancing weapon (Orc:2)
  13 two-headed ogres
  Urug (Orc:2)
  An orc high priest (Orc:1)
  Nergalle (Lair:3)
  A skeletal warrior (D:13)
  3 unseen horrors
  2 deep trolls (Orc:2)
  Pikel (D:5)
  3 orc knights
  3 ugly things
  5 cyclopes
  A manticore (D:11)
  2 deep elf magi
  8 elephants
  5 black mambas
  An ice statue (IceCv)
  A rust devil (D:13)
  A kobold demonologist (D:13)
  24 spiny frogs
  11 komodo dragons
  An orange demon (D:13)
  A tengu conjurer (D:13)
  2 rime drakes
  An efreet (D:13)
  A queen bee (Lair:2)
  A jumping spider (Lair:4)
  15 polar bears
  16 trolls
  A hornet (D:12)
  3 slime creatures (D:13)
  4 tyrant leeches (Lair:6)
  A bog body (Lair:3)
  8 hippogriffs
  11 dream sheep
  27 blink frogs
  A shadow (D:13)
  A redback (Lair:4)
  A spriggan (D:9)
  Sigmund (D:3)
  2 wraiths
  A vampire (D:13)
  7 wyverns
  2 hungry ghosts
  6 basilisks
  62 yaks
  12 vampire mosquitoes
  3 swamp worms (Lair:3)
  A warg (Orc:1)
  13 water moccasins
  13 porcupines
  23 orc warriors
  A black bear (D:6)
  5 ice beasts
  9 phantoms
  39 ogres
  2 sky beasts
  A boggart (D:13)
  8 centaurs
  A slave (D:5)
  11 wolves
  7 big kobolds
  5 crocodiles
  28 bullfrogs
  A wyvern zombie (D:13)
  5 scorpions
  47 killer bees
  A vampire bat (D:8)
  13 wights
  3 electric eels
  4 howler monkeys
  3 centaur zombies
  9 crimson imps
  2 lava snakes (D:10)
  A quasit (D:9)
  A jelly (D:11)
  6 centaur skeletons
  9 hounds
  A human zombie (Ossuary)
  14 orc priests
  3 bullfrog skeletons
  4 iron imps
  5 iguanas
  An iguana (shapeshifter) (D:13)
  9 worker ants
  19 orc wizards
  2 big kobold zombies (Ossuary)
  2 hound skeletons
  2 mummies (Ossuary)
  A howler monkey zombie (D:9)
  Robin (D:3)
  A howler monkey skeleton (D:6)
  7 adders
  3 shadow imps
  An ooze (D:2)
  An adder skeleton (D:9)
  A worm (D:5)
  97 orcs
  8 bats
  3 bat skeletons (D:8)
  2 bat zombies (D:8)
  2 giant cockroaches (D:3)
  2 gnoll zombies (D:4)
  12 goblins
  9 hobgoblins
  6 jackals (D:3)
  19 kobolds
  A quokka (D:9)
  2 ball pythons (D:3)
  8 frilled lizards
  6 goblin zombies (Ossuary)
  3 hobgoblin zombies (Ossuary)
  A jackal zombie (D:5)
  2 orc zombies (Ossuary)
  2 quokka skeletons (D:4)
  15 rats
  A plant (Lair:5)
853 creatures vanquished.

Vanquished Creatures (collateral kills)
  An ogre mage (Orc:2)
  4 two-headed ogres
  Psyche (D:9)
  An orc warrior (Orc:1)
  4 ogres (Orc:1)
  An orc wizard (Orc:1)
12 creatures vanquished.

Vanquished Creatures (others)
  A polar bear (IceCv)
  A dancing weapon (D:6)
  2 slaves (D:6)
  8 wolves (IceCv)
  2 worker ants (D:6)
  An orc (D:6)
  9 fungi
  54 plants
78 creatures vanquished.

Grand Total: 943 creatures vanquished

Notes
Turn   | Place    | Note
-------+----------+-------------------------------------------
     0 | D:1      | mopl the Demigod Enchanter began the quest for the Orb.
     0 | D:1      | Reached XP level 1. HP: 14/14 MP: 5/5
   294 | D:1      | Reached XP level 2. HP: 12/20 MP: 1/7
   301 | D:1      | Learned a level 2 spell: Ensorcelled Hibernation
   339 | D:1      | Reached skill level 3 in Stealth
   901 | D:2      | Found a white marble altar of Elyvilon.
  1119 | D:2      | Found a faded altar of an unknown god.
  1164 | D:2      | Noticed a howler monkey
  1177 | D:2      | Killed a howler monkey
  1177 | D:2      | Reached XP level 3. HP: 25/26 MP: 2/9
  1196 | D:2      | Learned a level 3 spell: Dazzling Spray
  1262 | D:2      | Found a shimmering blue altar of Sif Muna.
  1470 | D:2      | Reached XP level 4. HP: 33/33 MP: 10/10
  1723 | D:3      | Reached skill level 1 in Ice Magic
  1881 | D:3      | Noticed Robin
  2005 | D:4      | Reached XP level 5. HP: 29/38 MP: 9/12
  2080 | D:4      | Learned a level 3 spell: Confuse
  2086 | D:3      | Killed Robin
  2167 | D:3      | Found a snail-covered altar of Cheibriados.
  2187 | D:3      | Noticed Sigmund
  2195 | D:3      | Killed Sigmund
  2195 | D:3      | Reached skill level 4 in Stealth
  2195 | D:3      | Reached skill level 1 in Conjurations
  2195 | D:3      | Reached XP level 6. HP: 45/45 MP: 10/14
  2216 | D:3      | Found a sparkling altar of Nemelex Xobeh.
  2217 | D:3      | Found a hazy altar of Hepliaklqana.
  2748 | D:4      | Found a stormy altar of Qazlal.
  2751 | D:4      | Found an ornate altar of the Wu Jian Council.
  2829 | D:4      | Found a basalt altar of Yredelemnul.
  2893 | D:4      | Found a shimmering altar of Xom.
  2893 | D:4      | Found a shimmering altar of Xom.
  2960 | D:4      | Found a shimmering altar of Xom.
  2960 | D:4      | Found a shimmering altar of Xom.
  2960 | D:4      | Found a shimmering altar of Xom.
  3223 | D:5      | Entered Level 5 of the Dungeon
  3514 | D:5      | Found an ancient bone altar of Kikubaaqudgha.
  3655 | D:5      | Reached skill level 1 in Short Blades
  3785 | D:5      | Reached XP level 7. HP: 40/50 MP: 8/15
  3792 | D:5      | Learned a level 3 spell: Tukima's Dance
  3937 | D:5      | You fall into a shaft and drop 2 floors!
  3994 | D:5      | Noticed a moth of wrath
  3997 | D:5      | Found a bloodstained altar of Trog.
  4130 | D:6      | Found a staircase to the Ecumenical Temple.
  4130 | D:6      | Noticed Pikel
  4486 | D:6      | Noticed a hungry ghost
  4516 | D:6      | Killed a hungry ghost
  4516 | D:6      | Reached skill level 5 in Stealth
  4549 | D:5      | Killed Pikel
  4549 | D:5      | Reached skill level 5 in Hexes
  4549 | D:5      | Reached XP level 8. HP: 41/57 MP: 5/18
  4771 | D:6      | Reached skill level 6 in Stealth
  5006 | D:6      | Learned a level 2 spell: Swiftness
  5133 | D:7      | Reached skill level 5 in Spellcasting
  5232 | D:7      | Found a burning altar of Makhleb.
  5266 | D:7      | Got a warped mace
  5318 | D:7      | HP: 2/57 [poisoned by a killer bee]
  5326 | D:7      | HP: 1/57 [poisoned by a killer bee]
  5334 | D:7      | HP: 1/57 [poisoned by a killer bee]
  5737 | D:7      | Reached XP level 9. HP: 53/62 MP: 15/20
  6242 | D:8      | Reached skill level 7 in Stealth
  6421 | D:8      | Found a sand-covered staircase.
  6428 | Ossuary  | Entered an ossuary
  7184 | D:8      | Found a shattered altar of Ashenzari.
  7258 | D:8      | Found a blossoming altar of Fedhas.
  7347 | D:8      | Found an ancient bone altar of Kikubaaqudgha.
  7458 | D:9      | Noticed Psyche
  7532 | D:9      | Got an ichor-stained plate armour
  7889 | D:9      | Learned a level 5 spell: Metabolic Englaciation
  7913 | D:9      | Killed Psyche
  8201 | D:9      | Reached skill level 8 in Stealth
  8224 | D:9      | Reached XP level 10. HP: 46/69 MP: 18/23
  8725 | D:10     | Entered Level 10 of the Dungeon
  9542 | D:10     | Reached skill level 9 in Stealth
  9701 | D:10     | Noticed a two-headed ogre
  9703 | D:10     | Found a shadowy altar of Dithmenos.
  9735 | D:10     | Killed a two-headed ogre
  9735 | D:10     | Reached skill level 5 in Short Blades
 10217 | D:10     | Found a staircase to the Lair.
 10309 | D:10     | Reached skill level 5 in Ice Magic
 10504 | D:10     | Reached XP level 11. HP: 73/74 MP: 22/25
 10541 | D:10     | Noticed an unseen horror
 10545 | D:10     | Killed an unseen horror
 10676 | D:10     | Learned a level 3 spell: Regeneration
 10898 | D:11     | Reached skill level 1 in Charms
 10898 | D:11     | Reached skill level 1 in Necromancy
 11039 | D:11     | Reached skill level 10 in Stealth
 11330 | D:11     | Found a staircase to the Orcish Mines.
 11555 | Lair:1   | Entered Level 1 of the Lair of Beasts
 11580 | Lair:1   | Got a faintly glowing robe
 11598 | Lair:1   | Identified the cursed +1 robe "Afehiyss" {rC+ Int+5} (You
                  | found it on level 1 of the Lair of Beasts)
 11598 | Lair:1   | Identified the cursed +2 mace of Articulation {flame,
                  | +Blink +Rage Int-4} (You found it on level 7 of the
                  | Dungeon)
 12671 | Lair:2   | Reached skill level 10 in Hexes
 12678 | Lair:2   | Reached XP level 12. HP: 48/81 MP: 11/27
 12709 | Lair:2   | Identified a scroll of acquirement
 13073 | Lair:2   | Reached skill level 11 in Stealth
 13175 | Lair:2   | Noticed a five-headed hydra
 13235 | Lair:2   | Killed a five-headed hydra
 13235 | Lair:2   | Reached skill level 1 in Fighting
 14159 | Lair:3   | Noticed Nergalle
 14167 | Lair:3   | Found a staircase to the Swamp.
 14177 | Lair:3   | Killed Nergalle
 14415 | Lair:3   | Noticed a four-headed hydra
 14419 | Lair:3   | Killed a four-headed hydra
 14895 | Lair:4   | Found a hole to the Spider Nest.
 14974 | Lair:4   | Reached skill level 12 in Stealth
 14978 | Lair:4   | Reached XP level 13. HP: 94/94 MP: 17/29
 14991 | Lair:4   | Noticed Sonja
 14996 | Lair:4   | Banished Sonja
 15122 | Lair:4   | Learned a level 5 spell: Yara's Violent Unravelling
 15831 | Lair:5   | Reached skill level 1 in Throwing
 15862 | Lair:5   | Got a pair of faintly glowing boots
 15873 | Lair:5   | Identified the +3 pair of boots of Edityqol {rC+ Str+4}
                  | (You acquired it on level 5 of the Lair of Beasts)
 15948 | Lair:5   | Reached skill level 1 in Transmutations
 16184 | Lair:5   | Identified a +0 pair of boots of running (You found it on
                  | level 5 of the Lair of Beasts)
 16280 | Lair:5   | Found a staircase to the Slime Pits.
 16500 | Lair:6   | Entered Level 6 of the Lair of Beasts
 18027 | Lair:6   | Reached skill level 5 in Dodging
 18729 | Lair:6   | Noticed a minotaur
 18733 | Lair:6   | Noticed Mesmaeker13's ghost (journeyman OpCj)
 18748 | Lair:6   | Reached skill level 13 in Stealth
 18748 | Lair:6   | Reached XP level 14. HP: 51/105 MP: 16/30
 18889 | Lair:6   | Found a runed translucent gate.
 19517 | Lair:6   | Found a runed translucent gate.
 19517 | Lair:6   | Found a runed translucent gate.
 19904 | D:12     | Found a frozen archway.
 19912 | IceCv    | Entered an ice cave
 20945 | IceCv    | Noticed a frost giant
 20962 | IceCv    | Killed a frost giant
 20962 | IceCv    | Reached skill level 5 in Fighting
 21163 | IceCv    | Got an ancient broad axe
 21236 | D:12     | Found a runed translucent door.
 21753 | D:12     | Identified the +6 broad axe of Toeqi {flame, Str+4} (You
                  | found it in an ice cave)
 22290 | Orc:1    | Entered Level 1 of the Orcish Mines
 23338 | Orc:2    | Entered Level 2 of the Orcish Mines
 23338 | Orc:2    | Found a staircase to the Elven Halls.
 23338 | Orc:2    | Noticed Urug
 23342 | Orc:2    | Killed Urug
 23646 | Orc:1    | Paralysed by an ogre mage for 5 turns
 23852 | Orc:2    | Found Jirhinuxt's Magic Scroll Boutique.
 25253 | Orc:1    | Reached XP level 15. HP: 111/115 MP: 21/31
 25371 | Orc:2    | Found Loqeij's Armour Boutique.
 25380 | Orc:2    | Found Tufeufoi's General Store.
 25384 | Orc:2    | Noticed Donald
 25467 | Orc:2    | HP: 2/115 [Donald (34)]
 25470 | Orc:2    | Killed Donald
 25563 | Orc:2    | Reached skill level 14 in Stealth
 25581 | Orc:2    | Bought a scroll of random uselessness for 16 gold pieces
 25591 | Orc:2    | Found Gourym's Antique Weapon Shop.
 25609 | Orc:2    | Bought a +2 shield of poison resistance for 259 gold pieces
 25656 | Orc:2    | Reached skill level 5 in Throwing
 25944 | Orc:2    | Noticed Erolcha
 25950 | Orc:2    | Killed Erolcha
 26211 | Orc:2    | Bought a scroll of identify for 24 gold pieces
 26211 | Orc:2    | Bought a scroll of amnesia for 42 gold pieces
 26211 | Orc:2    | Bought 2 potions of heal wounds for 120 gold pieces
 26211 | Orc:2    | Bought a potion of curing for 36 gold pieces
 26217 | Orc:2    | Bought a scroll of teleportation for 48 gold pieces
 26217 | Orc:2    | Bought a scroll of teleportation for 48 gold pieces
 26217 | Orc:2    | Bought a scroll of identify for 32 gold pieces
 26217 | Orc:2    | Bought a scroll of identify for 32 gold pieces
 26632 | D:13     | Reached skill level 1 in Shields
 26653 | D:13     | Reached skill level 5 in Transmutations
 27143 | D:13     | Found a gate to the Vaults.
 27576 | D:13     | Found a corrupted altar of Lugonu.
 28361 | D:12     | Shot with a bolt by a yaktaur captain

Levels and vault maps discovered:
D:1:      psy_arrival_radial02, layout_loops_ring
D:2:      layout_basic, elyvilon_altar_1, overflow_temple_1_default,
          chequers_ecumenical_altar_island, minmay_pentomino_x2
D:3:      layout_basic, gammafunk_temple_overflow_statue,
          overflow_temple_1_default, saegor_snake_ambush, uniq_sigmund,
          uniq_robin
D:4:      layout_loops_ring, lemuel_zombie_altar_yredelemnul,
          chequers_temple_overflow_statue_of_worship, minmay_misc_feat_columns,
          xom_redecorated
D:5:      kennysheep_spiral_hall, layout_loops_ring, tgw_trog, basic_altar,
          first_ration
D:6:      layout_rooms, minmay_temple_entry_sparse_star, lightli_minifort,
          uniq_pikel
D:7:      layout_loops_ring, makhleb_grotto_becter
D:8:      layout_cave_pools, kennysheep_vampire_church,
          cheibrodos_ashenzari_chains, kennysheep_mini_moat,
          nicolae_ossuary_entry_ruins
D:9:      minmay_opposing_rooms, layout_basic, the_bakery, uniq_psyche
D:10:     layout_roguey, lair_entry_dummy, kennysheep_minor_cross,
          hangedman_decor_opposing, lemuel_altar_in_water2
D:11:     layout_roguey, hiddenorc1_lemuel
D:12:     layout_long_grid, portal_ice_cave_entry_pillars_1, minivault_16,
          chequers_serial_rivers_room_b, st_stairs_12, kennysheep_treasure_room
D:13:     layout_cave_pods, hangedman_vaults_entry_quadrant_bands,
          abandoned_shop, lemuel_hellish_altar
Lair:1:   layout_chaotic_city, eino_small_chamber_without_monster
Lair:2:   layout_gridlike, special_room [special_room_bee], minivault_11,
          minmay_stone_trees_medium, st_stairs_8
Lair:3:   layout_roguey, nicolae_swamp_entry_splash_gauntlet, uniq_nergalle
Lair:4:   layout_cave_pods, spider_nest_entry_a, chequers_serial_rivers_large_b,
          uniq_sonja
Lair:5:   layout_hall_layers, slime_dummy
Lair:6:   minmay_lair_end_frog_pond, layout_regular_city,
          maelrawn_ghost_gauntlet_escape, chequers_serial_rivers_small_3
Orc:1:    lemuel_ogre_cave, layout_caves
Orc:2:    st_orc_open, layout_caves, uniq_erolcha, uniq_donald, uniq_urug

Skill      XL: |  1  2  3  4  5  6  7  8  9 10 11 12 13 14 15 |
---------------+----------------------------------------------+-----
Spellcasting   | 2 3 4 5 6 7 8 |  8.0
Stealth        | 3 4 5 6 8 9 10 12 13 14 | 14.3
Hexes          | 3 4 5 6 7 8 10 11 12 13 | 13.3
Ice Magic      | 1 2 3 4 5 |  5.0
Conjurations   | 1 2 3 4 |  4.0
Short Blades   | 1 2 3 4 5 6 7 8 9 |  9.4
Charms         | 2 3 |  3.0
Necromancy     | 2 3 |  3.0
Dodging        | 3 5 6 |  6.9
Fighting       | 3 4 5 6 |  6.4
Throwing       | 3 4 5 |  5.4
Transmutations | 3 4 5 |  5.0
Shields        | 2 |  2.5

Action                   |  1- 3 |  4- 6 |  7- 9 | 10-12 | 13-15 || total
-------------------------+-------+-------+-------+-------+-------++-------
Melee: Dagger            |    65 |       |    28 |   103 |   742 ||   938
       Short sword       |    13 |   136 |   303 |   369 |   168 ||   989
       Rapier            |       |       |       |       |     6 ||     6
Throw: Dart              |       |       |     2 |     2 |    19 ||    23
 Cast: Corona            |     7 |       |     1 |     2 |    13 ||    23
       Ensorcelled Hiber |    10 |    26 |    57 |   214 |   396 ||   703
       Confuse           |       |     4 |    43 |    27 |    96 ||   170
       Tukima's Dance    |       |       |     4 |     7 |    12 ||    23
       Dazzling Spray    |       |       |     4 |    13 |    66 ||    83
       Regeneration      |       |       |       |    29 |    89 ||   118
       Metabolic Englaci |       |       |       |     4 |     6 ||    10
Evoke: Wand              |       |       |       |       |    25 ||    25
  Use: Scroll            |     3 |     3 |     7 |    10 |    16 ||    39
       Potion            |       |       |       |       |     3 ||     3
 Stab: Sleeping          |    14 |    25 |    42 |   172 |   258 ||   511
       Distracted        |     1 |     1 |       |     1 |       ||     3
       Confused          |       |     1 |    22 |    20 |    65 ||   108
       Invisible         |       |       |       |     3 |    12 ||    15
       Paralysed         |       |       |       |       |     1 ||     1
  Eat: Chunk             |     2 |     7 |    10 |    24 |    37 ||    80
       Ration            |       |       |     3 |       |     3 ||     6
Armor: Robe              |    25 |    39 |    74 |    81 |   140 ||   359
Dodge: Dodged            |    55 |    95 |   201 |   288 |   602 ||  1241
       Deflected         |       |       |       |     4 |    30 ||    34
Block: Shield            |       |       |       |       |    83 ||    83
